 Dungeon Crawl Stone Soup version 0.21-a0-156-g77413b7 (webtiles) character file.

21583 namelastname112 the Summoner (level 12, -2/106 HPs)
             Began as a Grey Draconian Summoner on Aug 3, 2017.
             Was a Priest of Ashenzari.
             Killed by divine providence
             ... invoked by a meliai
              (12 damage)
             ... on level 15 of the Dungeon.
             The game lasted 00:38:26 (16857 turns).

namelastname112 the Summoner (DrSu)                Turns: 16857, Time: 00:38:27

Health: -2/106     AC: 12    Str: 12    XL:     12   Next: 55%
Magic:  12/25      EV: 16    Int: 31    God:    Ashenzari [***...]
Gold:   660        SH:  0    Dex: 11    Spells: 6/29 levels left

rFire    + + .     SeeInvis +   L - +2 hand axe (elec)
rCold    . . .     Gourm    .   (no shield)
rNeg     . . .     Faith    .   (armour unavailable)
rPois    .         Spirit   .   (helmet restricted)
rElec    .         Reflect  .   l - +0 cloak of Loblexism {*Corrode MR++ Int+5}
rCorr    .         Harm     .   Q - +1 pair of gloves of Vehumet {*Contam rF+ Int+4}
MR       ++...     Clarity  +   (no boots)
Stlth    ++........             Z - amulet of magic regeneration (curse)
HPRegen  0.27/turn              H - ring of wizardry
MPRegen  0.44/turn              D - ring of protection from fire

@: corroded, very slightly contaminated
A: walk through water, unfitting armour, horns 1, clarity, strong 1, wild magic
1, unbreathing, cold-blooded, AC +13
a: Curse Item, Scrying, Renounce Religion


You were on level 15 of the Dungeon.
You worshipped Ashenzari.
Ashenzari was most pleased with you.
You were not hungry.

You visited 2 branches of the dungeon, and saw 16 of its levels.

You collected 1002 gold pieces.
You spent 342 gold pieces at shops.

Inventory:

Hand Weapons
 s - a +0 short sword of venom
 v - the cursed +1 hand axe of Koodwedgh {pain, rC++ Str+4 Dex+2}
   (You found it on level 10 of the Dungeon)

   In the hands of one skilled in necromantic magic, it inflicts extra damage on
   living creatures.
   It affects your strength (+4).
   It affects your dexterity (+2).
   It greatly protects you from cold.
   It has a curse placed upon it.
 L - a +2 hand axe of electrocution (weapon)
Missiles
 E - 2 throwing nets (quivered)
Armour
 l - the +0 cloak of Loblexism (worn) {*Corrode MR++ Int+5}
   (You found it on level 10 of the Dungeon)

   It affects your intelligence (+5).
   It affects your resistance to hostile enchantments.
   It may corrode you when you take damage.
 Q - the +1 pair of gloves of Vehumet (worn) {*Contam rF+ Int+4}
   (You bought it in a shop on level 11 of the Dungeon)

   It affects your intelligence (+4).
   It protects you from fire.
   It causes magical contamination when unequipped.
Magical Staves
 V - an uncursed staff of earth
Jewellery
 D - a ring of protection from fire (right hand)
 H - a ring of wizardry (left hand)
 Z - a cursed amulet of magic regeneration (around neck)
Wands
 n - a wand of paralysis (15/24)
 o - a wand of iceblast (12/15)
 w - a wand of random effects (14/48)
 z - a wand of iceblast (6/15)
 P - a wand of digging (6/24)
 W - a wand of acid (10/15)
 X - a wand of acid (9/15)
Scrolls
 d - 12 scrolls of remove curse
 e - 2 scrolls of enchant armour
 f - 4 scrolls of enchant weapon
 j - 3 scrolls of immolation
 m - 3 scrolls of magic mapping
 q - 6 scrolls of teleportation
 u - a scroll of blinking
 y - a scroll of recharging
 C - a scroll of silence
 K - a scroll of amnesia
 N - 3 scrolls of fear
Potions
 c - a potion of mutation
 g - 3 potions of ambrosia
 h - 6 potions of flight
 p - 2 potions of invisibility
 r - a potion of might
 x - 3 potions of agility
 A - a potion of berserk rage
 B - 3 potions of curing
 G - 5 potions of haste
 I - a potion of brilliance {unknown}
 M - 2 potions of resistance
 R - 2 potions of degeneration {unknown}
 S - 2 potions of cancellation {unknown}
Books
 a - a book of Callings

   Spells                             Type                      Level
   a - Summon Small Mammal            Summoning                    1
   b - Call Imp                       Summoning                    2
   c - Call Canine Familiar           Summoning                    3
   d - Summon Guardian Golem          Hexes/Summoning              3
   e - Summon Lightning Spire         Summoning/Air                4
   f - Summon Ice Beast               Ice/Summoning                4
 t - a book of Summonings

   Spells                             Type                      Level
   a - Recall                         Summoning/Translocation      3
   b - Aura of Abjuration             Summoning                    5
   c - Summon Demon                   Summoning                    5
   d - Summon Forest                  Summoning/Translocation      5
   e - Summon Mana Viper              Hexes/Summoning              5
   f - Shadow Creatures               Summoning                    6
 F - a book of Necromancy

   Spells                             Type                      Level
   a - Pain                           Necromancy                   1
   b - Animate Skeleton               Necromancy                   1
   c - Vampiric Draining              Necromancy                   3
   d - Regeneration                   Charms/Necromancy            3
   e - Animate Dead                   Necromancy                   4
   f - Control Undead                 Necromancy                   4
 J - a book of Misfortune

   Spells                             Type                      Level
   a - Confusing Touch                Hexes                        1
   b - Confuse                        Hexes                        3
   c - Gell's Gravitas                Translocation                3
   d - Petrify                        Transmutation/Earth          4
   e - Metabolic Englaciation         Hexes/Ice                    5
   f - Yara's Violent Unravelling     Hexes/Transmutation          5
 U - a book of Geomancy

   Spells                             Type                      Level
   a - Sandblast                      Earth                        1
   b - Passwall                       Transmutation/Earth          2
   c - Stone Arrow                    Conjuration/Earth            3
   d - Petrify                        Transmutation/Earth          4
   e - Lee's Rapid Deconstruction     Earth                        5
Miscellaneous
 Y - a lightning rod (4/4)
Comestibles
 b - 12 bread rations
 i - 6 meat rations
 k - 10 fruits
 O - a royal jelly


   Skills:
 + Level 10.1 Fighting
 + Level 9.0 Dodging
 - Level 1.7 Stealth
 + Level 9.2 Spellcasting
 + Level 13.6 Summonings


You had 6 spell levels left.
You knew the following spells:

 Your Spells              Type           Power        Failure   Level  Hunger
a - Summon Ice Beast      Ice/Summ       ######..     1%          4    None
b - Aura of Abjuration    Summ           #######...   1%          5    ###....
c - Summon Lightning Spi  Summ/Air       ######..     1%          4    None
d - Summon Demon          Summ           #######...   1%          5    ###....
x - Call Canine Familiar  Summ           #######.     1%          3    None
z - Call Imp              Summ           #######.     1%          2    None


Dungeon Overview and Level Annotations

Branches:
Dungeon (15/15)            Temple (1/1) D:5            Lair (0/6) D:8
    Orc (0/2) D:10         Vaults (0/5) D:13
 Depths: D:15

Altars:
Ashenzari
Cheibriados
Dithmenos
Elyvilon
Fedhas
Gozag
Hepliaklqana
Kikubaaqudgha
Makhleb
Nemelex Xobeh
Okawaru
Qazlal
Ru
Sif Muna
Trog
Uskayaw
Vehumet
Wu Jian
Xom
Yredelemnul
Zin
The Shining One

Shops:
D:8 %   D:11 [   D:12 !

Annotations:
D:3 2 transporters
D:14 exclusion: ice statue


Innate Abilities, Weirdness & Mutations

You can walk through water.
Your dull iron-grey scales are very hard. (AC +13)
You cannot fit into any form of body armour.
You can survive without breathing.
You are cold-blooded and may be slowed by cold attacks.
You have a pair of small horns on your head.
You possess an exceptional clarity of mind.
Your muscles are strong. (Str +2)
Your spells are a little harder to cast, but a little more powerful.


Message History

Something smites you!
* * * LOW HITPOINT WARNING * * *
Something hits your hellwing but does no damage.
Something barely misses your hellwing. The meliai misses you.
The meliai misses your sixfirhy. The meliai stings you!
* * * LOW HITPOINT WARNING * * *
Your hellwing hits the deep troll but does no damage.
Your hellwing hits the deep troll.
You take 52 damage, and have 5/105 hp.
MASSIVE DAMAGE!!
You now have 12/25 mp.
Blink to where?
Press: ? - help, Dir - move target cursor You are very lightly contaminated with residual magic.
As you read the scroll of blinking, it crumbles to dust.
* * * LOW HITPOINT WARNING * * *
You feel sick.
You take 2 damage, and have 3/105 hp.
You feel better.
The meliai calls down the wrath of its god upon you.
Something smites you!
You die...

......4T....÷..##.#.........
.#....{{#§.4..............(.
.....4###.y....))........<..
....§.# #..yy_()#...........
.###§.###.[...(.........####
...C......^..(..#.#.#####
..........).((......#
............(..3.#..#
...........#####@#..#
....##...(.####.....#
#.#.##..(.....#...#.#
...###.)..###.....#.#
..#...)(........... #######
..#.......#####.....#.....##
.#......###
##.............## .#.....(#
#...............# #....#.###
#.#######.......#


You could see 3 meliai, a friendly ice devil and a friendly sixfirhy.

Vanquished Creatures
  A centaur warrior (D:13)
  A two-headed ogre (D:11)
  A deep elf mage (D:12)
  A cyclops (D:13)
  An ugly thing (D:12)
  A hornet (D:13)
  A meliai zombie (D:10)
  2 hippogriffs
  A yak (D:13)
  A wraith (D:14)
  A spriggan (D:7)
  Menkaure (D:6)
  A vampire mosquito (D:12)
  Duvessa (D:6)
  2 orc warriors (D:7)
  A sky beast (D:11)
  An ice beast (D:12)
  2 eyes of draining
  7 phantoms
  A necrophage (D:7)
  An ogre (D:6)
  4 centaurs
  4 bullfrogs
  A big kobold (D:9)
  2 scorpions
  4 wyvern skeletons
  A killer bee (D:11)
  3 wights
  An electric eel (D:10)
  6 howler monkeys
  3 crimson imps
  5 hounds
  5 orc priests
  A bullfrog zombie (D:12)
  A centaur skeleton (D:7)
  4 jellies
  2 bullfrog skeletons
  5 orc wizards
  Natasha (thrice) (D:4)
  An iguana (D:11)
  9 worker ants
  A hound zombie (D:6)
  A howler monkey zombie (D:8)
  17 adders
  5 gnolls
  7 shadow imps
  2 oozes (D:10)
  A worm (D:6)
  5 leopard geckos
  24 orcs
  9 bats
  4 giant cockroaches
  8 goblins
  5 hobgoblins
  10 jackals
  16 kobolds
  3 quokkas
  4 frilled lizards
  A leopard gecko skeleton (D:6)
  A quokka zombie (D:8)
  8 rats
227 creatures vanquished.

Vanquished Creatures (collateral kills)
  Rupert (D:14)
  The ghost of Gruesome the Carver, a journeyman FoFi of Cheibriados (D:11)
  A vault guard (D:13)
  A hydra (D:14)
  A death knight (D:12)
  7 two-headed ogres
  Nergalle (D:11)
  A tengu warrior (D:15)
  An unseen horror (D:14)
  4 skeletal warriors (D:12)
  2 ugly things (D:13)
  2 deep elf magi
  A manticore (D:15)
  An oklob plant (D:10)
  A cyclops (shapeshifter) (D:14)
  A cyclops (D:14)
  2 gargoyles
  3 centaur skeletons (D:14)
  A kobold demonologist (D:13)
  A komodo dragon (shapeshifter) (D:15)
  A yaktaur (shapeshifter) (D:15)
  A troll (D:10)
  A harpy skeleton (D:15)
  3 hornets
  A hippogriff (D:14)
  A meliai zombie (D:13)
  Sigmund (D:4)
  2 shadows (D:12)
  4 yaks (D:14)
  A hungry ghost (D:8)
  A vampire mosquito (D:12)
  A soldier ant (D:10)
  A sky beast (D:13)
  A black bear (D:13)
  3 necrophages
  A floating eye (shapeshifter) (D:13)
  2 orc warriors
  An ice beast (D:15)
  8 ogres
  2 phantoms (D:10)
  An eye of draining (D:10)
  12 centaurs
  A big kobold (D:7)
  3 bullfrogs
  Dowan (D:6)
  2 scorpions
  9 wights
  8 killer bees
  4 howler monkeys
  2 crimson imps
  A bullfrog zombie (D:13)
  A hound (D:4)
  4 centaur zombies
  3 orc priests
  6 jellies
  2 bullfrog skeletons
  An iguana (D:9)
  11 orc wizards
  A worker ant (D:9)
  2 gnolls
  3 adders
  A shadow imp (D:11)
  11 oozes (D:10)
  An adder skeleton (D:7)
  A worm (D:4)
  39 orcs
  A ball python (D:4)
  2 goblins (D:1)
  A hobgoblin (D:1)
  4 jackals (D:1)
  3 kobolds (D:7)
  A quokka (D:7)
  A frilled lizard (D:3)
215 creatures vanquished.

Vanquished Creatures (others)
  A centaur (D:15)
  8 fungi (D:10)
9 creatures vanquished.

Grand Total: 451 creatures vanquished

Notes
Turn   | Place    | Note
-------+----------+-------------------------------------------
     0 | D:1      | namelastname112 the Draconian Summoner began the quest for the Orb.
     0 | D:1      | Reached XP level 1. HP: 14/14 MP: 3/3
   519 | D:1      | Reached XP level 2. HP: 20/20 MP: 5/5
   537 | D:1      | Learned a level 2 spell: Call Imp
   793 | D:1      | Reached XP level 3. HP: 27/27 MP: 6/6
  1145 | D:2      | Reached skill level 1 in Fighting
  1267 | D:2      | Found a blossoming altar of Fedhas.
  1267 | D:2      | Found a burning altar of Makhleb.
  1561 | D:2      | Found an ancient bone altar of Kikubaaqudgha.
  1674 | D:2      | Found a basalt altar of Yredelemnul.
  1678 | D:2      | Found a deep blue altar of Sif Muna.
  1683 | D:2      | Found a shadowy altar of Dithmenos.
  1874 | D:3      | Learned a level 3 spell: Call Canine Familiar
  1905 | D:3      | Found a transporter.
  1906 | D:3      | Found a transporter.
  1976 | D:3      | Reached XP level 4. HP: 7/35 MP: 2/7
  2762 | D:4      | Noticed Sigmund
  2827 | D:4      | Killed Sigmund
  2827 | D:4      | Reached skill level 5 in Summonings
  2827 | D:4      | Reached XP level 5. HP: 21/41 MP: 5/9
  3135 | D:4      | Reached XP level 6. HP: 36/50 MP: 2/10
  3264 | D:4      | Noticed Natasha
  3277 | D:4      | Killed Natasha
  3524 | D:4      | Reached skill level 6 in Summonings
  3720 | D:4      | Noticed Natasha
  3738 | D:4      | Killed Natasha
  3738 | D:4      | Your scales start taking on a dull iron-grey colour.
  3738 | D:4      | Reached XP level 7. HP: 44/56 MP: 12/12
  3738 | D:4      | Gained mutation: You can survive without breathing. [Grey Draconian growth]
  3778 | D:4      | Noticed Natasha
  3786 | D:4      | Killed Natasha
  3967 | D:5      | Entered Level 5 of the Dungeon
  3978 | D:5      | Learned a level 4 spell: Summon Lightning Spire
  4262 | D:5      | Found a staircase to the Ecumenical Temple.
  4285 | Temple   | Entered the Ecumenical Temple
  4348 | Temple   | Became a worshipper of Ashenzari the Shackled
  4672 | D:6      | Noticed Menkaure
  4690 | D:6      | Killed Menkaure
  4985 | D:6      | Reached skill level 7 in Summonings
  5066 | D:6      | Found a sparkling altar of Nemelex Xobeh.
  5092 | D:6      | Reached XP level 8. HP: 65/65 MP: 9/14
  5794 | D:6      | Reached * piety under Ashenzari
  6169 | D:7      | Noticed Duvessa
  6169 | D:7      | Noticed Dowan
  6190 | D:6      | Killed Duvessa
  6199 | D:6      | Killed Dowan
  6199 | D:6      | Reached skill level 8 in Summonings
  6318 | D:7      | Reached skill level 5 in Fighting
  6416 | D:7      | Found a glowing golden altar of the Shining One.
  6504 | D:7      | Reached skill level 5 in Spellcasting
  6741 | D:7      | Reached skill level 5 in Dodging
  6741 | D:7      | Reached XP level 9. HP: 20/73 MP: 13/16
  7066 | D:7      | Found a shimmering altar of Xom.
  7439 | D:8      | Reached skill level 9 in Summonings
  7476 | D:8      | Found a staircase to the Lair.
  7479 | D:8      | Noticed a two-headed ogre
  7497 | D:8      | Killed a two-headed ogre
  8032 | D:8      | Found Xaingawain's Food Emporium.
  8204 | D:8      | Found a hide-covered altar of Uskayaw.
  8324 | D:8      | Gained mutation: You have a pair of small horns on your head. [potion of mutation]
  8324 | D:8      | Gained mutation: Your muscles are strong. (Str +2) [potion of mutation]
  8324 | D:8      | Gained mutation: Your spells are a little harder to cast, but a little more powerful. [potion of mutation]
  8324 | D:8      | Gained mutation: You possess an exceptional clarity of mind. [potion of mutation]
  8779 | D:9      | Reached skill level 10 in Summonings
  8875 | D:9      | Noticed a two-headed ogre
  8902 | D:9      | Killed a two-headed ogre
  8902 | D:9      | Reached XP level 10. HP: 46/83 MP: 9/19
  9119 | D:9      | Found an opulent altar of Gozag.
  9123 | D:9      | Found a stormy altar of Qazlal.
  9537 | D:10     | Entered Level 10 of the Dungeon
  9598 | D:10     | Reached ** piety under Ashenzari
 10103 | D:10     | Noticed a gargoyle
 10108 | D:10     | Killed a gargoyle
 10244 | D:10     | Noticed a two-headed ogre
 10253 | D:10     | Killed a two-headed ogre
 10310 | D:10     | Noticed a two-headed ogre
 10312 | D:10     | Noticed a two-headed ogre
 10316 | D:10     | Reached skill level 11 in Summonings
 10318 | D:10     | Killed a two-headed ogre
 10339 | D:10     | Killed a two-headed ogre
 10353 | D:10     | Got the uncursed cloak of Loblexism {*Corrode MR++ Int+5}
 10427 | D:10     | Identified the +0 cloak of Loblexism {*Corrode MR++ Int+5} (You found it on level 10 of the Dungeon)
 10441 | D:10     | Found a shattered altar of Ashenzari.
 10635 | D:10     | Noticed an oklob plant
 10660 | D:10     | Killed an oklob plant
 10884 | D:10     | Got the cursed hand axe of Koodwedgh {pain, rC++ Str+4 Dex+2}
 10984 | D:10     | Found a staircase to the Orcish Mines.
 11138 | D:11     | Noticed Gruesome's ghost (journeyman FoFi)
 11158 | D:11     | Killed Gruesome's ghost
 11158 | D:11     | Reached XP level 11. HP: 48/93 MP: 12/21
 11318 | D:11     | Noticed a two-headed ogre
 11333 | D:11     | Killed a two-headed ogre
 11502 | D:11     | Found Loamol's Antique Armour Shoppe.
 11550 | D:11     | Bought a pair of pitted gloves for 342 gold pieces
 11560 | D:11     | Identified the +1 pair of gloves of Vehumet {*Contam rF+ Int+4} (You bought it in a shop on level 11 of the Dungeon)
 11584 | D:11     | Noticed a two-headed ogre
 11591 | D:11     | Killed a two-headed ogre
 11664 | D:11     | Reached skill level 12 in Summonings
 11849 | D:11     | Found a sparkling altar of Nemelex Xobeh.
 12261 | D:11     | Noticed Nergalle
 12267 | D:11     | Killed Nergalle
 12393 | D:12     | Noticed a red ugly thing
 12401 | D:12     | Killed a red ugly thing
 12645 | D:12     | Found Iggoif's Distillery.
 12701 | D:12     | Noticed a death knight
 12708 | D:12     | Killed a death knight
 12739 | D:12     | Noticed a two-headed ogre
 12752 | D:12     | Killed a two-headed ogre
 12841 | D:12     | Learned a level 4 spell: Summon Ice Beast
 13056 | D:12     | Noticed a skeletal warrior
 13061 | D:12     | Noticed a skeletal warrior
 13062 | D:12     | Noticed a skeletal warrior
 13065 | D:12     | Noticed a skeletal warrior
 13072 | D:12     | Killed a skeletal warrior
 13114 | D:12     | Killed a skeletal warrior
 13329 | D:12     | Killed a skeletal warrior
 13471 | D:12     | Killed a skeletal warrior
 13587 | D:13     | Noticed a fire crab
 13587 | D:13     | Noticed a deep elf mage
 13593 | D:12     | Killed a deep elf mage
 13655 | D:13     | a fire crab changed into a floating eye
 13869 | D:13     | Noticed a deep elf mage
 13870 | D:13     | Noticed a sun demon
 13894 | D:13     | Killed a deep elf mage
 14076 | D:13     | Noticed a cyan ugly thing
 14087 | D:13     | Killed a cyan ugly thing
 14181 | D:13     | Reached skill level 13 in Summonings
 14544 | D:13     | Noticed a purple ugly thing
 14562 | D:13     | Killed a purple ugly thing
 14632 | D:13     | Noticed a centaur warrior
 14652 | D:13     | Killed a centaur warrior
 14652 | D:13     | Reached XP level 12. HP: 94/104 MP: 21/24
 14660 | D:13     | Noticed a vault guard
 14678 | D:13     | Killed a vault guard
 14851 | D:13     | Found a gate to the Vaults.
 15400 | D:14     | Identified a scroll of acquirement
 15408 | D:14     | Learned a level 5 spell: Summon Demon
 15414 | D:14     | Learned a level 5 spell: Aura of Abjuration
 15649 | D:14     | Noticed a tengu warrior
 15665 | D:14     | a tengu warrior changed into a moth of wrath
 15871 | D:14     | Noticed a six-headed hydra
 16085 | D:14     | Killed a six-headed hydra
 16167 | D:14     | Noticed Rupert
 16178 | D:14     | Killed Rupert
 16178 | D:14     | Reached skill level 10 in Fighting
 16185 | D:14     | Reached *** piety under Ashenzari
 16383 | D:14     | Found a white marble altar of Elyvilon.
 16532 | D:15     | Entered Level 15 of the Dungeon
 16566 | D:15     | Noticed a tengu warrior
 16574 | D:15     | Killed a tengu warrior
 16582 | D:15     | Found an ornate altar of the Wu Jian Council.
 16839 | D:15     | Noticed an ettin
 16844 | D:15     | Noticed a centaur warrior
 16855 | D:15     | HP: 5/105 [meliai/broad axe (9)]
 16857 | D:15     | Killed from afar by a meliai

Vault maps used:
D:1:      dpeg_arrival_rhombi
D:2:      minmay_overflow_temple_star_quad, gammafunk_temple_overflow_pools,
          kiku_gazebo_pond_becter
D:3:      gammafunk_steamed_eel
D:4:      uniq_natasha, uniq_sigmund
D:5:      minmay_temple_entry_statues_fountains, first_bread
D:6:      old_standard_altar, minivault_23, uniq_menkaure
D:7:      hangedman_cross_stitches, kennysheep_mini,
          nicolae_tso_carved_into_rock, the_bakery, lightli_orcish_oven,
          uniq_duvessa
D:8:      lemuel_crystal_altar, dpeg_oklobed_lair, serial_shops,
          kennysheep_little_box
D:9:      grunt_temple_overflow_open
D:10:     lemuel_slime, orc_0_dummy, serial_bayou_pond_b, minivault_24,
          nicolae_ashenzari_panopticon
D:11:     basic_altar, serial_shops, nicolae_shop_crystal, uniq_nergalle
D:12:     serial_shops, shop
D:13:     david_vaults_5
D:14:     hangedman_decor_points, minivault_15, elyvilon_altar_5, uniq_rupert
D:15:     hangedman_depths_entry_civil_slaughter, basic_altar, serial_shops,
          shop, corexii_corridor_pit
Temple:   compressed_dpeg_circular_temple

Skill      XL: |  1  2  3  4  5  6  7  8  9 10 11 12 |
---------------+-------------------------------------+-----
Dodging        | 2 3 4 5 6 7 8 9 |  9.0
Fighting       | 1 2 4 5 6 8 9 10 | 10.1
Spellcasting   | 3 4 5 6 7 8 9 |  9.2
Summonings     | 5 6 7 8 10 11 13 | 13.6
Stealth        | |  1.7

Action                   |  1- 3 |  4- 6 |  7- 9 | 10-12 || total
-------------------------+-------+-------+-------+-------++-------
Melee: Unarmed           |    32 |       |       |       ||    32
       Short sword       |   151 |   135 |   291 |       ||   577
       Tailslap          |     8 |    13 |    45 |    42 ||   108
       Hand axe          |       |       |   144 |   388 ||   532
       Headbutt          |       |       |     5 |    50 ||    55
 Cast: Summon Small Mamm |     9 |       |       |       ||     9
       Call Imp          |     5 |    12 |    16 |    10 ||    43
       Call Canine Famil |       |     9 |    28 |    22 ||    59
       Summon Lightning  |       |       |    19 |    57 ||    76
       Summon Ice Beast  |       |       |       |    18 ||    18
       Summon Demon      |       |       |       |    24 ||    24
Invok: Curse Item        |       |       |       |     1 ||     1
Evoke: Wand              |       |       |     3 |       ||     3
  Use: Potion            |       |       |     2 |     2 ||     4
       Scroll            |       |       |    18 |     8 ||    26
 Stab: Sleeping          |     4 |     2 |     3 |     1 ||    10
       Distracted        |       |       |     1 |     4 ||     5
  Eat: Chunk             |     4 |     7 |    23 |    21 ||    55
       Royal jelly       |       |       |     1 |       ||     1
       Meat ration       |       |       |       |     2 ||     2
       Fruit             |       |       |       |     1 ||     1
Armor: Skin              |    63 |    52 |   175 |   218 ||   508
Dodge: Dodged            |   140 |   129 |   293 |   401 ||   963
